 Dungeon Crawl Stone Soup version 0.27.0-1-g7a089689b8 (webtiles) character file.

Game seed: 16233411697359561630

52 hilljack the Ducker (level 3, 0/30 HPs)
             Began as a Minotaur Arcane Marksman on Aug 11, 2021.
             Slain by an ice beast (13 damage)
             ... on level 3 of the Dungeon.
             The game lasted 00:03:54 (1788 turns).

hilljack the Ducker (Minotaur Arcane Marksman)      Turns: 1788, Time: 00:03:54

Health: 0/30       AC:  3    Str: 14    XL:     3   Next: 60%
Magic:  3/3        EV: 12    Int: 10    God:
Gold:   47         SH:  0    Dex: 11    Spells: 3/4 levels left

rFire    . . .     SeeInvis .   b - +0 spear
rCold    . . .     Faith    .   (no shield)
rNeg     . . .     Spirit   .   d - +0 robe
rPois    .         Reflect  .   (helmet restricted)
rElec    .         Harm     .   (no cloak)
rCorr    .         Rampage  .   (no gloves)
Will     .....                  g - +0 pair of boots
Stlth    +.........             (no amulet)
HPRegen  0.10/turn              (no ring)
MPRegen  0.08/turn              (no ring)

@: no status effects
A: horns 2, retaliatory headbutt
a: no special abilities


You were on level 3 of the Dungeon.
You visited 1 branch of the dungeon, and saw 3 of its levels.

You collected 73 gold pieces.
You spent 26 gold pieces at shops.

Inventory:

Hand Weapons
 a - a +0 shortbow
 b - a +0 spear (weapon)
 f - a +0 dagger
Missiles
 c - 22 arrows
Armour
 d - a +0 robe (worn)
 g - a +0 pair of boots (worn)
Jewellery
 h - a +6 ring of dexterity
Wands
 l - a wand of acid (6)
Scrolls
 e - a scroll of blinking
 k - a scroll of fear {unknown}
 m - 4 scrolls of noise {unknown}
 n - a scroll of teleportation {unknown}
Potions
 i - a potion of lignification
 j - a potion of attraction
 o - a potion of curing {unknown}


   Skills:
 + Level 2.5 Fighting
 + Level 3.1 Bows
 + Level 3.1 Dodging
 - Level 1.0 Spellcasting
 - Level 2.0 Hexes


You had 3 spell levels left.
You knew the following spells:

 Your Spells              Type           Power      Damage    Failure   Level
a - Corona                Hex            4%         N/A       16%         1

Your spell library contained the following spells:

 Spells                   Type           Power      Damage    Failure   Level
 Slow                     Hex            4%         N/A       22%         2
 Inner Flame              Hex/Fire       2%         N/A       56%         3
 Portal Projectile        Hex/Tloc       4%         N/A       56%         3
 Cause Fear               Hex            2%         N/A       83%         4


Dungeon Overview and Level Annotations

Branches:
Dungeon (3/15)

Altars:

Shops:
D:2 ?


Innate Abilities, Weirdness & Mutations

You have a pair of horns on your head.
You reflexively headbutt those who attack you in melee.


Message History

You shoot an arrow. The arrow hits the ice beast!
The ice beast is heavily wounded.
You shoot an arrow. The arrow hits the ice beast.
The ice beast is heavily wounded.
You shoot an arrow. The arrow hits the ice beast.
The ice beast is severely wounded.
You shoot an arrow.
The arrow hits the ice beast but does no damage.
The ice beast is severely wounded.
The ice beast hits you. The ice beast freezes you!
You are too injured to fight recklessly!
b - a +0 spear (weapon)
You are too injured to fight recklessly!
You are too injured to fight recklessly!
Reach: b) +0 spear
Press: ? - help, Dir - move target, f/p - ice beast
Aim: an ice beast (severely wounded, about 41% to evade your +0 spear)
You hit the ice beast but do no damage.
The ice beast is severely wounded.
The ice beast hits you but does no damage.
Reach: b) +0 spear
Press: ? - help, Dir - move target, f/p - ice beast
Aim: an ice beast (severely wounded, about 41% to evade your +0 spear)
You hit the ice beast.
You headbutt the ice beast, but do no damage.
The ice beast is severely wounded.
The ice beast hits you but does no damage.
Reach: b) +0 spear
Press: ? - help, Dir - move target, f/p - ice beast
Aim: an ice beast (severely wounded, about 41% to evade your +0 spear)
You barely miss the ice beast.
The ice beast is severely wounded.
The ice beast closely misses you. x2
Reach: b) +0 spear
Press: ? - help, Dir - move target, f/p - ice beast
Aim: an ice beast (severely wounded, about 41% to evade your +0 spear)
You hit the ice beast.
The ice beast is severely wounded.
The ice beast hits you. The ice beast freezes you!
You die...

##........#
####.##.###.#
#.........#.#
#.##....#.#.# +#
#..###.#.# ((( #
#........# (...
#.###.#.#.### (....
#.......[.###......
###.......@Y......
#.....####......
##.#.## ..... #.###
..>. #.# ... #.# +#
#.# ##.########
#.........# ##


You could see an ice beast.

Vanquished Creatures
  An adder (D:2)
  3 worms (D:2)
  A dart slug (D:2)
  A bat (D:2)
  A giant cockroach (D:2)
  A goblin (D:1)
  5 hobgoblins
  4 kobolds
  3 quokkas
  6 ball pythons
  3 frilled lizards
  A rat (D:1)
30 creatures vanquished.

Notes
Turn   | Place    | Note
-------+----------+-------------------------------------------
     0 | D:1      | hilljack the Minotaur Arcane Marksman began the quest for
                  | the Orb.
     0 | D:1      | Reached XP level 1. HP: 16/16 MP: 1/1
   558 | D:1      | Reached XP level 2. HP: 24/24 MP: 2/2
  1251 | D:2      | Reached XP level 3. HP: 29/29 MP: 3/3
  1280 | D:2      | Found Wiotagul's Magic Scroll Emporium.
  1288 | D:2      | Bought a scroll of identify for 26 gold pieces
  1777 | D:3      | Noticed an ice beast
  1788 | D:3      | Slain by an ice beast

Illustrated notes

Levels and vault maps discovered:
D:1:      lemuel_arrival_rhombus, layout_basic, minmay_misc_feat_enclosed
D:2:      layout_loops_ring, serial_shops, shop, minmay_pentomino_p2
D:3:      layout_loops_corners, lemuel_crystal_altar, dancing_weapons_uskayaw,
          hangedman_abyss_or_decor_lesser_grid, uniq_terence

Skill      XL: |  1  2  3 |
---------------+----------+-----
Fighting       | 2 |  2.5
Dodging        | 3 |  3.1
Bows           | 3 |  3.1
Spellcasting   | |  1.0
Hexes          | |  2.0

Action                   || total
-------------------------++-------
Melee: Spear             ||    13
       Headbutt          ||     2
 Fire: Shortbow          ||    82
  Use: Scroll            ||     4
Armor: Robe              ||     6
Dodge: Dodged            ||    21
